 Dungeon Crawl Stone Soup version 0.20-a0-830-g2c9a30d (webtiles) character file.

23 krabocopter the Ruffian (level 3, 0/31 HPs)
             Began as a Naga Transmuter on Mar 6, 2017.
             Slain by an adder (2 damage)
             ... on level 2 of the Dungeon.
             The game lasted 00:04:28 (1463 turns).

krabocopter the Ruffian (Naga Transmuter)           Turns: 1463, Time: 00:04:29

Health: 0/31       AC:  6    Str: 13    XL:     3   Next: 0%
Magic:  4/6        EV: 10    Int: 13    God:
Gold:   66         SH:  0    Dex: 11    Spells: 5/6 levels left

rFire    . . .     SeeInvis +     - Unarmed
rCold    . . .     Gourm    .   b - +0 robe
rNeg     . . .     Faith    .   (no shield)
rPois    +         Spirit   .   (no helmet)
rElec    .         Reflect  .   f - +0 cloak (curse)
rCorr    .         Harm     .   (no gloves)
MR       .....                  (no barding)
Stlth    ..........             (no amulet)
Regen    0.1/turn               q - +3 ring of protection
MPRegen  0.1/turn               h - ring of loudness (curse)

@: appendage (expiring), very slow
A: horns 2, see invisible, deformed body, poison resistance, slowness 2, slow
metabolism 1, spit poison 1, AC +1
a: Spit Poison, End Transformation


You were on level 2 of the Dungeon.
You were not hungry.
You had grown temporary horns.
You visited 1 branch of the dungeon, and saw 2 of its levels.

You collected 66 gold pieces.

Inventory:

Missiles
 a - 34 arrows
Armour
 b - a +0 robe (worn)
 f - a cursed +0 cloak (worn)
Jewellery
 h - a cursed ring of loudness (left hand)
 q - a +3 ring of protection (right hand)
Scrolls
 e - a scroll of enchant weapon {unknown}
 g - a scroll of fog {unknown}
 k - a scroll of identify
 l - a scroll of teleportation {unknown}
 m - 2 scrolls of blinking
 n - a scroll of recharging {unknown}
 o - a scroll of magic mapping {unknown}
 p - a scroll of noise {unknown}
Potions
 i - a potion of might {unknown}
 j - a potion of mutation {unknown}
Books
 c - a book of Changes

   Spells                             Type                      Level
   a - Beastly Appendage              Transmutation                1
   b - Sticks to Snakes               Transmutation                2
   c - Spider Form                    Transmutation/Poison         3
   d - Ice Form                       Ice/Transmutation            4
   e - Blade Hands                    Transmutation                5
Comestibles
 d - a bread ration


   Skills:
 + Level 1.4 Fighting
 + Level 1.8 Dodging
 - Level 3.0 Unarmed Combat
 + Level 2.3 Spellcasting
 + Level 2.4 Transmutations


You had 5 spell levels left.
You knew the following spells:

 Your Spells              Type           Power        Failure   Level  Hunger
a - Beastly Appendage     Tmut           #.....       10%         1    #......


Dungeon Overview and Level Annotations

Branches:
Dungeon (2/15)

Altars:


Innate Abilities, Weirdness & Mutations

You cannot wear boots.
Your serpentine skin is tough. (AC +1)
You have supernaturally acute eyesight. (SInv)
Armour fits poorly on your strangely shaped body.
Your system is resistant to poisons. (rPois)
You cover ground very slowly.
You have a slow metabolism.
You can spit poison.
You have a pair of horns on your head.


Message History

The goblin hits you. The adder bites you.
You take 3 damage, and have 13/25 hp.
You hit the goblin. The adder barely misses you. The goblin closely misses you.
The adder barely misses you. The adder bites you.
You take 1 damage, and have 12/25 hp.
You completely miss the goblin. The adder closely misses you.
The goblin hits you. The adder bites you.
* * * LOW HITPOINT WARNING * * *
The adder bites you.
* * * LOW HITPOINT WARNING * * *
You take 11 damage, and have 1/25 hp.
MASSIVE DAMAGE!!
You hit the goblin.
You kill the goblin!
You have reached level 3!
Your experience leads to an increase in your attributes!
Increase (S)trength, (I)ntelligence, or (D)exterity?
You feel stronger.
Your skin feels tougher.
Your transformation is almost over.
The adder barely misses you. The adder bites you.
You die...

.# .###..
####......
#.........
#.......[. #
#.?.......
#.#.........
.###..SS.......
........@†.....#
..#####........#
########.#


You could see 2 adders.

Vanquished Creatures
  An ooze (D:1)
  2 bats (D:1)
  2 giant cockroaches (D:1)
  3 goblins
  3 kobolds (D:1)
  2 frilled lizards (D:1)
  6 rats (D:1)
19 creatures vanquished.

Notes
Turn   | Place    | Note
-------+----------+-------------------------------------------
     0 | D:1      | krabocopter the Naga Transmuter began the quest for the Orb.
     0 | D:1      | Reached XP level 1. HP: 18/18 MP: 3/3
   500 | D:1      | Reached XP level 2. HP: 25/25 MP: 5/5
  1462 | D:2      | HP: 1/25 [adder (5)]
  1463 | D:2      | Reached XP level 3. HP: 2/31 MP: 4/6
  1463 | D:2      | Slain by an adder

Vault maps used:
D:1:      evilmike_arrival_fibonacci_small
D:2:      first_bread, xom_redecorated

Action                   || total
-------------------------++-------
Melee: Unarmed           ||   111
       Punch             ||     1
 Cast: Beastly Appendage ||     2
 Abil: Spit Poison       ||     1
  Use: Scroll            ||     1
  Eat: Chunk             ||     1
Armor: Robe              ||    63
Dodge: Dodged            ||   100
